 Dungeon Sprint DCSS version 0.30-a0-696-g2367cd04db (webtiles) character file.

Game seed: 2599913938019715446

5 petercordia the Shooter (level 1, -1/16 HPs)
             Began as a Formicid Hunter on Jan 21, 2023.
             Slain by an ogre
             ... wielding a +0 giant spiked club
              (17 damage)
             ... in the Dungeon (Sprint IX: "|||||||||||||||||||||||||||||").
             The game lasted 00:00:18 (36 turns).

petercordia the Shooter (Formicid Hunter)             Turns: 36, Time: 00:00:18

Health: -1/16      AC:  3    Str: 15    XL:     1   Next: 88%
Magic:  1/1        EV: 12    Int:  8    God:
Gold:   0          SH:  0    Dex: 17    Spells: 0/0 levels left

rFire   . . .      SeeInvis +    a - +0 shortbow
rCold   . . .      Faith    .    (no shield)
rNeg    . . .      Spirit   .    c - +0 leather armour
rPois   .          Reflect  .    (helmet unavailable)
rElec   .          Harm     .    (no cloak)
rCorr   .          Rampage  .    (no gloves)
Will    .....                    (no boots)
Stlth   ++                       (no amulet)
HPRegen 0.22/turn                (no ring)
MPRegen 0.07/turn                (no ring)

@: no status effects
A: permanent stasis, dig shafts and tunnels, antennae 3, four strong arms
a: Dig


You were in the Dungeon.
You visited 1 branch

Inventory:

Hand Weapons
 a - a +0 shortbow (weapon)
Armour
 c - a +0 leather armour (worn)
Scrolls
 b - a scroll of immolation
 i - a scroll of blinking
Potions
 d - a potion of curing
 e - a potion of heal wounds
 f - a potion of haste
 g - 2 potions of magic
 h - a potion of berserk rage


   Skills:
 + Level 2.3 Fighting
 + Level 5.0 Ranged Weapons
 + Level 2.2 Dodging
 + Level 1.2 Stealth


You couldn't memorise any spells.
You didn't know any spells.
Your spell library was empty.

Dungeon Overview and Level Annotations

Branches:
Dungeon (1/1)

Altars:


Innate Abilities, Weirdness & Mutations

You cannot be hasted, slowed, berserked, paralysed or teleported.
You can dig through walls and to a lower floor.
You have a pair of large antennae on your head. (SInv)
Your four strong arms can wield two-handed weapons with a shield.


Message History

You shoot an arrow. The arrow barely misses the quokka.
The arrow hits the ball python.
The ball python is heavily wounded.
The quokka misses you. The quokka closely misses you.
You shoot an arrow. The arrow barely misses the quokka.
The arrow barely misses the ball python.
The quokka barely misses you.
You shoot an arrow. The arrow hits the quokka!
You kill the quokka!
The ball python bites you. The ball python completely misses you.
You shoot an arrow.
The arrow closely misses the ball python.
The ball python misses you. The ball python barely misses you.
The ball python bites you. The ball python closely misses you.
You shoot an arrow. The arrow hits the ball python.
You kill the ball python!
Your Ranged Weapons skill increases to level 5!
HP restored.
There is an open door to the Dungeon here.
Things that are here:
a ball python corpse; a rat corpse; a ball python corpse You sense a monster nearby.
Things that are here:
a +0 dagger; a goblin corpse You sense a monster nearby.
As you open the door, it creaks loudly!
An ogre, an ufetubus, a necrophage, a hound and an orc come into view.
The ufetubus shouts!
The ogre shouts!
The orc shouts!
There are monsters nearby!
Unknown command.
You shoot an arrow. The arrow hits the ogre!
The ogre is moderately wounded.
The ogre closely misses you.
You shoot an arrow. The arrow barely misses the ogre.
The arrow barely misses the ufetubus.
The arrow barely misses the necrophage.
The arrow hits the hound!
The hound is moderately wounded.
The ogre hits you with a +0 giant spiked club!
Ouch! That really hurt!
You die...

▓.▓
▓.▓
▓.▓
▓†▓
▓)▓
▓.▓
▓.▓
▓.▓
▓@▓
▓O▓
▓5▓
▓n▓
▓h▓
▓o▓
▓.▓
▓+▓


You could see an ogre, a necrophage, a hound, an orc and an ufetubus.

Vanquished Creatures
  A goblin (D)
  A quokka (D)
  2 ball pythons (D)
  A rat (D)
5 creatures vanquished.

Notes
Turn   | Place    | Note
-------+----------+-------------------------------------------
     0 | D        | petercordia the Formicid Hunter began the quest for the
                  | Orb.
     0 | D        | Reached XP level 1. HP: 16/16 MP: 1/1
    15 | D        | Reached skill level 5 in Ranged Weapons
    34 | D        | Noticed an ogre
    34 | D        | Noticed a necrophage
    34 | D        | Noticed a hound
    36 | D        | Slain by an ogre

Illustrated notes

Levels and vault maps discovered:
D:        linesprint [early_d, line_temple, items_1, d_10, items_2, lair_1,
          lair_end, items_3, orc_1, orc_end, items_4, d_15, swamp_1, shoals_1,
          snake_1, spider_1, d_20, vaults_1, items_5, swamp_end, shoals_end,
          snake_end, spider_end, vaults_end, d_27, items_6, zot_1, zot_end,
          crypt_end, forest_end, elf_end, slime_end, tomb_end, abyss_end,
          pan_hell_end]

Skill      XL: |  1 |
---------------+----+-----
Dodging        | 2 |  2.2
Ranged Weapons | 5 |  5.0
Fighting       | |  2.3
Stealth        | |  1.2

Action                   || total
-------------------------++-------
 Fire: Shortbow          ||    13
Armor: Leather armour    ||     1
Dodge: Dodged            ||    15

Table legend: (Time is in decaauts)
 A = Elapsed time spent in this place.
 B = Non-inter-level travel time spent in this place.
 C = Inter-level travel time spent in this place.
 D = Time resting spent in this place.
 E = Time spent auto-exploring this place.
 F = Levels seen in this place.
 G = Mean time per level.
                   A        B        C        D        E       F      G
               +--------+--------+--------+--------+--------+-----+--------+
         Total |     40 |     40 |      0 |      0 |     19 |   1 |   40.0 |
       Dungeon |     40 |     40 |      0 |      0 |     19 |   1 |   40.0 |
               +--------+--------+--------+--------+--------+-----+--------+

Top non-repeatable levels by time:
       D: 40 daAuts
